 Dungeon Crawl Stone Soup version 0.29.1-2-gbd0b4ee654 (webtiles) character file.

Game seed: 520486444939213704

133 GeoRichter the Gusty (level 5, -3/31 HPs)
             Began as an Octopode Air Elementalist on Nov 17, 2022.
             Slain by Ijyb
             ... wielding a +2 dagger of holy wrath
              (6 damage)
             ... on level 3 of the Dungeon.
             The game lasted 00:06:34 (3576 turns).

GeoRichter the Gusty (Octopode Air Elementalist)    Turns: 3576, Time: 00:06:34

Health: -3/31      AC:  1    Str:  7    XL:     5   Next: 16%
Magic:  5/9        EV: 13    Int: 19    God:
Gold:   121        SH:  0    Dex: 13    Spells: 2/9 levels left

rFire   . . .      SeeInvis .   e - +2 dagger (venom)
rCold   . . .      Faith    .   (no shield)
rNeg    . . .      Spirit   .   (helmet restricted)
rPois   .          Reflect  .   (no amulet)
rElec   .          Harm     .   j - ring of willpower
rCorr   .          Rampage  .   (no ring)
Will    +....                   (no ring)
Stlth   +++.......              (no ring)
HPRegen 0.10/turn               (no ring)
MPRegen 0.11/turn               (no ring)
                                (no ring)
                                (no ring)

@: no status effects
A: almost no armour, amphibious, 8 rings, camouflage 1, gelatinous body 1,
(nimble swimmer 1), tentacles
a: no special abilities


You were on level 3 of the Dungeon.
You visited 1 branch of the dungeon, and saw 3 of its levels.

You collected 121 gold pieces.

Inventory:

Hand Weapons
 e - a +2 dagger of venom (weapon)
   (You took it off a kobold on level 1 of the Dungeon)
Jewellery
 j - a ring of willpower (left tentacle)
   (You took it off a kobold on level 2 of the Dungeon)
Wands
 q - a wand of digging (5)
   (You took it off an orc priest on level 3 of the Dungeon)
Scrolls
 d - 3 scrolls of identify {@r1}
 f - a scroll of vulnerability {unknown}
 g - a scroll of teleportation {unknown}
 h - a scroll of silence {unknown}
 k - a scroll of enchant armour {unknown}
 l - a scroll of magic mapping {unknown}
 o - a scroll of fear {unknown}
 r - a scroll of noise {unknown}
Potions
 a - a potion of magic
 b - a potion of mutation {unknown}
 c - a potion of flight {unknown}
 i - 3 potions of curing {@q1}
 m - a potion of haste {unknown}
 n - a potion of might {unknown}
 p - a potion of degeneration {unknown}


   Skills:
 - Level 2.0 Dodging
 - Level 2.6 Stealth
 + Level 2.8 Spellcasting
 + Level 2.5 Conjurations
 * Level 4.5 Air Magic


You had 2 spell levels left.
You knew the following spells:

 Your Spells              Type           Power      Damage    Failure   Level
a - Shock                 Conj/Air       64%        1d7       3%          1
b - Static Discharge      Conj/Air       16%        3-5/arc   5%          2
c - Airstrike             Air            9%         2d(2-18)  24%         4

Your spell library contained the following spells:

 Spells                   Type           Power      Damage    Failure   Level
 Summon Small Mammal      Summ           8%         N/A       16%         1
 Sublimation of Blood     Necr           2%         N/A       24%         2
 Swiftness                Air            19%        N/A       8%          3
 Stone Arrow              Conj/Erth      14%        3d7       28%         3
 Petrify                  Tmut/Erth      2%         N/A       83%         4
 Irradiate                Conj/Tmut      3%         3d12      95%         5
 Lehudib's Crystal Spear  Conj/Erth      3%         10d3      100%        8
 Animate Armour           Summ/Erth      Unusable   N/A       N/A         4

Dungeon Overview and Level Annotations

Branches:
Dungeon (3/15) Zot: 14413

Altars:

Shops:
D:1 =   D:3 (

Annotations:
D:3 Ijyb


Innate Abilities, Weirdness & Mutations

You cannot wear most types of armour.
You are amphibious.
You can wear up to eight rings at the same time.
Your skin changes colour to match your surroundings (Stealth+).
Your rubbery body absorbs attacks. (AC +1, EV +1)
((You are camouflaged when in or above water. (Stealth+)))
You have tentacles for arms and can constrict up to eight enemies at once.


Message History

The zap hits Ijyb.
Ijyb zaps a wand.
The puff of flame hits you!
The zap hits Ijyb.
Ijyb zaps a wand.
The puff of flame hits you!
* * * LOW HITPOINT WARNING * * *
Ijyb zaps a wand.
The puff of flame hits you!
* * * LOW HITPOINT WARNING * * *
There is a stone staircase leading up here.
You climb upwards.
There is a stone staircase leading down here.
You start resting.
There is a stone staircase leading down here.
Unknown command.
You can't go up here!
You climb downwards.
Level annotation: Ijyb
There is a stone staircase leading up here.
There is an open door here.
You see here a +0 falchion.
You see here a +0 falchion.
Ijyb shouts!
Ijyb is nearby!
The zap hits Ijyb.
The zap hits Ijyb.
The zap hits Ijyb. x2; Ijyb drinks a potion.
Ijyb is healed!
The zap misses Ijyb. x2
You barely miss Ijyb. You grab Ijyb. You constrict Ijyb.
Ijyb hits you with a +2 dagger of holy wrath.
You hit Ijyb. Your squeeze misses Ijyb. You constrict Ijyb.
Ijyb zaps a wand.
The puff of flame hits you!
Unknown command.
You hit Ijyb but do no damage.
Ijyb is poisoned.
You squeeze Ijyb. You constrict Ijyb.
Ijyb hits you with a +2 dagger of holy wrath.
* * * LOW HITPOINT WARNING * * *
You hit Ijyb.
You tentacle-slap Ijyb, but do no damage.
You constrict Ijyb.
Ijyb zaps a wand.
The puff of flame hits you!
* * * LOW HITPOINT WARNING * * *
Aim: Ijyb, wielding a +2 dagger of holy wrath, wearing a +0 leather armour and carrying a wand of flame (22) (severely wounded, constricted by you, very poisoned, 98% to hit)
The zap hits Ijyb.
You constrict Ijyb.
Ijyb hits you with a +2 dagger of holy wrath.
You die...

.#...##.#...####### #.........+.
.+......#...#.. ##+#......##
.#..........#.# ......##
.#.######...#.# #.#######
.#............# #.# #
.#########....##### #.# #
.................. #.#######
##..........#....######.#.##.....
##.#######.....g@.......#.##.)...
##.# #...#.###.####.#####.##)##..
##.###'#+#.....# #.......##.####
##..........# ## ###......#.#
##..........###########..#.#.#
##..........#........).......#
##....g.....#.###########....####
............# #.....>.....
###...###...# #.##########


You could see Ijyb (very poisoned).

Vanquished Creatures
  An orc priest (D:3)
  A gnoll (D:1)
  2 adders
  4 dart slugs
  3 orcs (D:3)
  4 ball pythons
  6 endoplasms
  3 giant cockroaches (D:1)
  8 goblins
  7 hobgoblins
  7 kobolds
  2 quokkas
  7 bats
  3 frilled lizards
  5 rats
63 creatures vanquished.

Vanquished Creatures (others)
  A plant (D:1)
1 creature vanquished.

Grand Total: 64 creatures vanquished

Notes
Turn   | Place    | Note
-------+----------+-------------------------------------------
     0 | D:1      | GeoRichter the Octopode Air Elementalist began the quest
                  | for the Orb.
     0 | D:1      | Reached XP level 1. HP: 11/11 MP: 3/3
    35 | D:1      | Found Hurroin's One-of-a-Kind Rings.
   342 | D:1      | Reached XP level 2. HP: 17/17 MP: 1/5
   363 | D:1      | Found a faded altar of an unknown god.
   409 | D:1      | Got Plato's Meditations on Creation
   947 | D:1      | Reached XP level 3. HP: 21/21 MP: 2/6
  1157 | D:1      | Learned a level 2 spell: Static Discharge
  1897 | D:2      | Reached skill level 4 in Air Magic
  1922 | D:2      | Reached XP level 4. HP: 27/27 MP: 5/7
  1927 | D:2      | Learned a level 4 spell: Airstrike
  2254 | D:2      | You fall into a shaft and drop 1 floor!
  2773 | D:3      | Reached XP level 5. HP: 28/31 MP: 7/9
  3228 | D:3      | Found Jojequca's Weapon Boutique.
  3243 | D:3      | Noticed Ijyb
  3576 | D:3      | Slain by Ijyb

Illustrated notes

Levels and vault maps discovered:
D:1:      shiori_shiawase, layout_basic, shapermc_ecumenical_altar_rom_forum,
          nicolae_shop_unique_rings, minmay_tetromino_t4
D:2:      layout_loops_ring
D:3:      layout_basic, serial_shops, nicolae_shop_window_shopping, uniq_ijyb

Skill      XL: |  1  2  3 |
---------------+----------+-----
Conjurations   | 2 |  2.5
Air Magic      | 4 |  4.5
Dodging        | |  2.0
Stealth        | |  2.6
Spellcasting   | |  2.8

Action                   |  1- 3 |  4- 6 || total
-------------------------+-------+-------++-------
Melee: Dagger            |    12 |    10 ||    22
       Constrict         |     4 |     2 ||     6
       Tentacles         |     4 |     1 ||     5
       Punch             |       |     1 ||     1
 Cast: Shock             |    69 |    58 ||   127
  Use: Scroll            |       |     1 ||     1
Armor: Skin              |     1 |     2 ||     3
Dodge: Dodged            |    15 |     3 ||    18
